 Dungeon Crawl Stone Soup version 0.19.5 (webtiles) character file.

191 Keye the Sneak (level 5, -4/36 HPs)
             Began as an Octopode Fighter on May 7, 2017.
             Slain by Grinder (7 damage)
             ... while paralysed by Grinder
             ... on level 3 of the Dungeon.
             The game lasted 00:04:40 (2712 turns).

Keye the Sneak (Octopode Fighter)                   Turns: 2712, Time: 00:04:40

Health: -4/36      AC:  1    Str: 16    XL:     5   Next: 70%
Magic:  5/5        EV:  2    Int: 10    God:
Gold:   168        SH:  0    Dex: 12    Spells: 0 memorised, 4 levels left

rFire  . . .     SeeInvis .     a - +0 rapier
rCold  . . .     Gourm    .     b - +0 shield
rNeg   . . .     Faith    .     (helmet restricted)
rPois  .         Spirit   .     (no amulet)
rElec  .         Reflect  .     (no ring)
rCorr  .         Harm     .     (no ring)
MR     .....                    (no ring)
Stlth  +++++.....               (no ring)
                                (no ring)
                                (no ring)
                                (no ring)
                                (no ring)

@: paralysed
A: almost no armour, stealthy swim, amphibious, 8 rings, constrict 8, camouflage
1, gelatinous body 1
a: no special abilities


You were on level 3 of the Dungeon.
You were not hungry.

You visited 1 branch of the dungeon, and saw 3 of its levels.

You collected 168 gold pieces.

Inventory:

Hand Weapons
 a - a +0 rapier (weapon)
 o - a +2 dagger of speed
Armour
 b - a +0 shield (worn)
Wands
 r - a wand of lightning (6/15)
Scrolls
 e - 2 scrolls of enchant weapon {unknown}
 g - a scroll of random uselessness {unknown}
 h - 2 scrolls of remove curse {unknown}
 i - a scroll of fear {unknown}
 j - 8 scrolls of identify {unknown}
 m - 2 scrolls of immolation {unknown}
 p - a scroll of magic mapping {unknown}
 s - a scroll of blinking {unknown}
 w - a scroll of recharging {unknown}
Potions
 c - a potion of might
 f - a potion of curing {unknown}
 q - a potion of flight {unknown}
 v - a potion of degeneration {unknown}
Comestibles
 d - 3 bread rations
 k - 2 beef jerkies
 l - a slice of pizza
 n - a fruit
 t - a chunk of flesh
 u - 2 meat rations


   Skills:
 - Level 3.0 Fighting
 - Level 2.0 Short Blades
 - Level 3.0 Dodging
 + Level 7.6 Stealth
 - Level 3.0 Shields


You had 4 spell levels left.
You didn't know any spells.

Dungeon Overview and Level Annotations

Branches:
Dungeon (3/15)

Altars:
Ashenzari
Vehumet
Yredelemnul

Annotations:
D:3 Grinder


Innate Abilities, Weirdness & Mutations

You cannot wear most types of armour.
You are very stealthy in the water. (Stealth+)
You are amphibious.
You can wear up to eight rings at the same time.
You can use your tentacles to constrict eight enemies at once.
Your skin changes colour to match your surroundings (Stealth+).
Your rubbery body absorbs attacks. (AC +1, EV +1)


Message History

You butcher the frilled lizard corpse.
t - a chunk of flesh You see here a frilled lizard skeleton. x2
You closely miss Grinder.
Grinder shouts!
You grab Grinder. You constrict Grinder. Grinder gestures at you.
You suddenly lose the ability to move!
You lose your grip on Grinder.
Grinder gestures at you.
You shrug off the repeated paralysis!
Grinder hits you.
You writhe in agony.
Grinder hits you!
You writhe in agony.
Grinder hits you!
You writhe in agony.
* * * LOW HITPOINT WARNING * * *
Grinder hits you.
* * * LOW HITPOINT WARNING * * *
You writhe in agony.
* * * LOW HITPOINT WARNING * * *
Grinder hits you!
You die...

..###.#..รท..# ###..........##.#
#.......#...# ##########....#
####....##..## #.......
#.......##...## #.###...
..##.##..#....############.###...
...................[..##...##....
.....##.###...##.####...........)
.######.###...##.5.......####....
.# #.........@...........#.... .#
####..##...####..............
.####..).....<...............####
.##...............#..........#
...............#.##..........#
...............#....#######.####
.....................# #.....#
###...############....# #.###.##
###..# ##....##.###...


You could see Grinder.

Vanquished Creatures
  Natasha (thrice) (D:3)
  4 adders
  An ooze (D:2)
  A worm (D:1)
  A dart slug (D:2)
  3 leopard geckos
  An orc (D:2)
  7 bats
  5 giant cockroaches
  11 goblins
  4 hobgoblins
  2 jackals (D:2)
  2 quokkas (D:2)
  A ball python (D:3)
  7 frilled lizards
  8 kobolds
  10 rats
71 creatures vanquished.

Notes
Turn   | Place    | Note
-------+----------+-------------------------------------------
     0 | D:1      | Keye the Octopode Fighter began the quest for the Orb.
     0 | D:1      | Reached XP level 1. HP: 16/16 MP: 1/1
    58 | D:1      | Reached skill level 1 in Stealth
   131 | D:1      | Reached skill level 2 in Stealth
   186 | D:1      | Reached XP level 2. HP: 13/21 MP: 2/2
   485 | D:1      | Reached skill level 3 in Stealth
   596 | D:1      | Reached XP level 3. HP: 24/26 MP: 3/3
   704 | D:1      | Reached skill level 4 in Stealth
   847 | D:2      | Found a basalt altar of Yredelemnul.
  1079 | D:2      | Reached skill level 5 in Stealth
  1099 | D:2      | Reached XP level 4. HP: 31/31 MP: 4/4
  1385 | D:2      | Found a shattered altar of Ashenzari.
  1761 | D:3      | Noticed Natasha
  1764 | D:3      | Killed Natasha
  1764 | D:3      | Reached skill level 6 in Stealth
  1764 | D:3      | Reached XP level 5. HP: 36/36 MP: 5/5
  1858 | D:3      | Noticed Grinder
  1859 | D:3      | Paralysed by Grinder for 3 turns
  2100 | D:3      | Noticed Natasha
  2101 | D:3      | Killed Natasha
  2101 | D:3      | Reached skill level 7 in Stealth
  2122 | D:3      | Noticed Natasha
  2132 | D:3      | Killed Natasha
  2557 | D:3      | Found a radiant altar of Vehumet.
  2706 | D:3      | Paralysed by Grinder for 7 turns
  2712 | D:3      | Slain by Grinder

Skill      XL: |  1  2  3  4  5 |
---------------+----------------+-----
Stealth        | 2 3 5 6 7 |  7.6
Fighting       | |  3.0
Short Blades   | |  2.0
Dodging        | |  3.0
Shields        | |  3.0

Action                   |  1- 3 |  4- 6 || total
-------------------------+-------+-------++-------
Melee: Rapier            |    69 |    57 ||   126
       Constrict         |    19 |    12 ||    31
       Tentacles         |     9 |     8 ||    17
 Stab: Sleeping          |    10 |     8 ||    18
       Distracted        |     1 |     2 ||     3
  Eat: Chunk             |     1 |     5 ||     6
Armor: Skin              |     5 |     2 ||     7
Dodge: Dodged            |    29 |    15 ||    44
Block: Shield            |    19 |    17 ||    36
